 Dungeon Crawl Stone Soup version 0.16-a0-2063-g87d9768 (webtiles) character file.

470 Fiveotanaka the Basher (level 7, -10/71 HPs)
             Began as an Ogre Berserker on Nov 12, 2014.
             Was an Elder of Trog.
             Killed by divine providence
             ... invoked by an orc priest
              (12 damage)
             ... on level 4 of the Dungeon.
             The game lasted 00:08:32 (3781 turns).

Fiveotanaka the Basher (Ogre Berserker)             Turns: 3781, Time: 00:08:32

Health: -10/71     AC:  3    Str: 28    XL:     7   Next: 9%
Magic:  7/7        EV: 10    Int:  6    God:    Trog [****..]
Gold:   154        SH:  0    Dex: 11    Spells: 0 memorised, 6 levels left

rFire  . . .     SeeInvis .     u - +0 morningstar
rCold  . . .     Clarity  .     b - +0 animal skin
rNeg   . . .     SustAb   .     (shield restricted)
rPois  +         Gourm    .     (helmet restricted)
rElec  .         Spirit   .     (no cloak)
rCorr  .         Warding  .     (gloves unavailable)
rMut   .         Stasis   .     (boots unavailable)
MR     .....                    (no amulet)
Stlth  +.........               d - ring of teleport control
                                j - ring of poison resistance

@: mighty, not resistant to hostile enchantments, very unstealthy
A: unfitting armour, tough skin 1
a: Burn Spellbooks, Berserk, Trog's Hand, Brothers in Arms, Renounce Religion,
Evoke Teleport Control


You were on level 4 of the Dungeon.
You worshipped Trog.
Trog was greatly pleased with you.
You were not hungry.

You visited 1 branch of the dungeon, and saw 4 of its levels.

You collected 154 gold pieces.

Inventory:

Hand weapons
 u - a +0 morningstar (weapon)
Armour
 b - a +0 animal skin (worn)
Jewellery
 d - a ring of teleport control (right hand)
 j - a ring of poison resistance (left hand)
Magical devices
 n - a wand of polymorph (15)
Scrolls
 a - a scroll of random uselessness {unknown}
 e - 5 scrolls of identify
 f - a scroll of blinking
 g - a scroll of fear {unknown}
 i - a scroll of teleportation {unknown}
 l - a scroll of enchant armour {unknown}
 v - a scroll of remove curse
Potions
 h - a potion of mutation {unknown}
 q - a potion of flight {unknown}
 r - a potion of resistance {unknown}
 t - a potion of cancellation {unknown}
 w - a potion of might
Comestibles
 c - 3 meat rations
 m - a slice of pizza
 o - 2 fruits
 p - a bread ration
 s - a royal jelly


   Skills:
 - Level 4.5 Fighting
 + Level 9.9 Maces & Flails
 - Level 1.6 Armour
 - Level 1.8 Dodging


You had 6 spell levels left.
You didn't know any spells.

Dungeon Overview and Level Annotations

Branches:
Dungeon (4/15)
 Temple: D:4-7

Altars:
Dithmenos


Innate Abilities, Weirdness & Mutations

You are too large for most types of armour.
You have tough skin (AC +1).


Message History

The orc priest hits you with a dagger.
* * * LOW HITPOINT WARNING * * *
You barely miss the orc priest. The orc priest hits you with a dagger!
* * * LOW HITPOINT WARNING * * *
Drink which item? (? for menu, Esc to quit)
You feel very mighty all of a sudden.
It was a potion of might.
The orc priest hits you with a dagger.
* * * LOW HITPOINT WARNING * * *
You closely miss the orc priest. The orc priest barely misses you.
You hit the orc priest.
The orc priest is moderately wounded.
The orc priest barely misses you.
You hit the orc priest.
The orc priest is severely wounded.
The orc priest hits you but does no damage.
You hit the orc priest but do no damage.
The orc priest is severely wounded.
The orc priest invokes the aid of Beogh against you.
Something smites you!
You die...

. #.####...# ... #.# #...#
..... ### #...# .!..
####...# #..#+# #......#
### ##.#.#########...# #.#
+....)...........###.#
###..##.####.........#
#..##@####.#.#.#.#.#
##..o..............#
###.##.####...#######
#.#######..o.#........#
#.#.##......#..#..####..#
#.#.#######.#.....####..#
......##................#
#.....#####.###...####.##
....#.#####............####


You could see an orc priest.

Vanquished Creatures
  An ice beast (D:4)
  A scorpion (D:4)
  2 orc priests (D:3)
  2 orc wizards
  An iguana (D:4)
  2 worker ants (D:4)
  4 adders
  2 worms
  2 giant geckos
  15 orcs
  A ball python (D:2)
  9 goblins
  14 hobgoblins
  7 jackals (D:2)
  A quokka (D:4)
  7 bats
  A giant cockroach (D:2)
  4 giant newts
  9 kobolds
  A kobold skeleton (D:3)
  5 rats
91 creatures vanquished.

Notes
Turn   | Place    | Note
--------------------------------------------------------------
     0 | D:1      | Fiveotanaka, the Ogre Berserker, began the quest for the Orb.
     0 | D:1      | Reached XP level 1. HP: 24/24 MP: 1/1
   219 | D:1      | Reached XP level 2. HP: 30/33 MP: 2/2
   615 | D:1      | Acquired Trog's second power
   947 | D:2      | Reached skill level 5 in Maces & Flails
   947 | D:2      | Reached XP level 3. HP: 20/40 MP: 3/3
  1480 | D:2      | Reached XP level 4. HP: 44/49 MP: 4/4
  1765 | D:2      | Reached skill level 6 in Maces & Flails
  2572 | D:3      | Found a shadowy altar of Dithmenos.
  2592 | D:3      | Reached skill level 7 in Maces & Flails
  2592 | D:3      | Reached XP level 5. HP: 24/55 MP: 5/5
  2836 | D:3      | Reached skill level 8 in Maces & Flails
  3012 | D:3      | Acquired Trog's third power
  3196 | D:3      | Reached XP level 6. HP: 63/63 MP: 6/6
  3439 | D:4      | Reached skill level 9 in Maces & Flails
  3668 | D:4      | Reached XP level 7. HP: 32/71 MP: 7/7
  3776 | D:4      | HP: 3/71 [orc priest/dagger (7)]
  3777 | D:4      | HP: 1/71 [orc priest/dagger (2)]
  3781 | D:4      | Killed from afar by an orc priest

Action                   |  1- 3 |  4- 6 |  7- 9 || total
-------------------------+-------+-------+-------++-------
Melee: Mace              |   102 |    26 |       ||   128
       Whip              |    28 |       |       ||    28
       Flail             |       |   122 |       ||   122
       Morningstar       |       |    36 |    18 ||    54
  Use: Scroll            |     4 |       |       ||     4
       Potion            |       |       |     1 ||     1
  Eat: Chunk             |     1 |     8 |       ||     9
